 Dungeon Sprint DCSS version 0.29.1-1-gd02db6906a (webtiles) character file.

Game seed: 14847134408102327482

9400000 Groucho the Intangible (level 27, -10/174 HPs)
             Began as a Spriggan Abyssal Knight on Oct 3, 2022.
             Was the Champion of Makhleb.
             Killed by an exploding large bag of meat (41 damage)
             ... ignited by their inner flame
             ... in the Dungeon (Sprint VIII: "Arena of Blood").
             The game lasted 00:06:21 (94 turns).

Groucho the Intangible (Spriggan Abyssal Knight)      Turns: 94, Time: 00:06:22

Health: -10/174    AC:  4    Str:  9    XL:     27
Magic:  23/55      EV: 51    Int: 14    God:    Makhleb [******]
Gold:   0          SH:  0    Dex: 27    Spells: 80/80 levels left

rFire   . . .      SeeInvis +   i - +∞ Axe of Woe
rCold   . . .      Faith    .   (shield currently unavailable)
rNeg    . . .      Spirit   .   b - +0 robe
rPois   .          Reflect  .   (helmet restricted)
rElec   .          Harm     .   (no cloak)
rCorr   .          Rampage  .   (gloves unavailable)
Will    ++++.      NoTele   +   (boots unavailable)
Stlth   ++++......              (no amulet)
HPRegen 0.39/turn               j - +30 ring of slaying
MPRegen 0.34/turn               (no ring)

@: slowed, quick
A: very small, no large weapons, unfitting armour, see invisible, speed 3
a: Renounce Religion, Minor Destruction, Lesser Servant of Makhleb, Major
Destruction, Greater Servant of Makhleb


You were in the Dungeon.
You worshipped Makhleb.
Makhleb was exalted by your worship.
You visited 1 branch

Inventory:

Hand Weapons
 a - a +1 hand axe
 i - the +∞ Axe of Woe (weapon)
   (You found it in the Dungeon)
Armour
 b - a +0 robe (worn)
Jewellery
 j - a +30 ring of slaying (left hand)
 k - a +200 ring of slaying
Scrolls
 h - a scroll of blinking
Potions
 c - a potion of curing
 d - a potion of heal wounds
 e - a potion of haste
 f - 2 potions of magic
 g - a potion of berserk rage


   Skills:
 O Level 27 Fighting
 O Level 27 Short Blades
 O Level 27 Long Blades
 O Level 27 Axes
 O Level 27 Maces & Flails
 O Level 27 Polearms
 O Level 27 Staves
 O Level 27 Ranged Weapons
 O Level 27 Throwing
 O Level 27 Armour
 O Level 27 Dodging
 + Level 7.4 Stealth
 O Level 27 Shields
 O Level 27 Unarmed Combat
 O Level 27 Spellcasting
 O Level 27 Conjurations
 O Level 27 Hexes
 O Level 27 Summonings
 O Level 27 Necromancy
 O Level 27 Translocations
 O Level 27 Transmutations
 O Level 27 Fire Magic
 O Level 27 Ice Magic
 O Level 27 Air Magic
 O Level 27 Earth Magic
 O Level 27 Poison Magic
 O Level 27 Invocations
 O Level 27 Evocations


You had 80 spell levels left.
You didn't know any spells.
Your spell library was empty.

Dungeon Overview and Level Annotations

Branches:
Dungeon (1/1)

Altars:
Makhleb


Innate Abilities, Weirdness & Mutations

You are very small and have problems with some larger weapons.
You are too small for most types of armour.
You have supernaturally acute eyesight. (SInv)
You cover ground extremely quickly. (Speed+++)


Message History

Makhleb accepts your kill.
You feel better.
You are engulfed in blazing flames.
* * * LOW HITPOINT WARNING * * *
You hear two shouts!
You hear a hideous shriek!
You hear a shout!
A meat berserker comes into view. It is wielding a +9 battleaxe.
An observer comes into view.
You hear a shout!
The large bag of meat is engulfed in blazing flames.
You hear a shout!
The observer gazes at you. Something smites you!
* * * LOW HITPOINT WARNING * * *
The accursed gestures at you while chanting.
Something smites you!
* * * LOW HITPOINT WARNING * * *
You hear a shout!
The bag of meat is engulfed in blazing flames.
A bag of meat comes into view. It is wielding a +9 war axe.
You hear a shout!
The meat beast moves out of view.
You hear an angry growl.
You hear a shout!
You have mastered Necromancy!
You have mastered Fire Magic!
You have mastered Ice Magic!
You have mastered Air Magic!
You have mastered Earth Magic!
You need to enable at least one skill for training.
You have mastered Throwing!
You have mastered Evocations!
You need to enable at least one skill for training.
Your Stealth skill gained 7 levels and is now at level 7!
A meat berserker comes into view. It is wielding a +9 battleaxe.
You slice the bag of meat like a ripe choko!!!
You chop the bag of meat into pieces.
You blow up the bag of meat!
Makhleb accepts your kill.
You feel better.
You slice the large bag of meat!!
Flame seeps out of the large bag of meat.
You slaughter the large bag of meat joyfully.
Makhleb accepts your kill.
The large bag of meat explodes!
The fiery explosion engulfs you!!!
You die...

.... .. ..o.. ...
#... ..# . #o..
..# G ..###...
oW###..
......o###MoG...
........§§§2....
#))))§# #_2§@☼#
#)))§○#
#....o)))_§§○.O.o
....O...###.....O
...###O.. ..###o.
.. #... ..# O
#.... ..# .....
... ....... ..


You could see an accursed, 2 meat beasts, 2 observers, a large bag of meat
(inner flame), a dread, 2 meat berserkers and 6 bags of meat.

Vanquished Creatures
  7 hell beasts (D)
  4 royal mummies (D)
  A great orb of eyes (D)
  2 wraiths (D)
  Harold (D)
  13 vampire knights (D)
  31 ogres (D)
  6 two-headed ogres (D)
  3 liches (D)
  2 hydras (D)
  3 phantoms (D)
  37 orcs (D)
  9 skeletal warriors (D)
119 creatures vanquished.

Notes
Turn   | Place    | Note
-------+----------+-------------------------------------------
     0 | D        | Found the +∞ Axe of Woe
     0 | D        | Groucho the Spriggan Abyssal Knight began the quest for the
                  | Orb.
     0 | D        | Reached XP level 1. HP: 11/11 MP: 3/3
     0 | D        | Noticed a meat berserker
     2 | D        | Noticed a bag of meat
     3 | D        | Noticed a bag of meat
     4 | D        | Fell from the grace of Lugonu
     4 | D        | Became a worshipper of Makhleb the Destroyer
     5 | D        | Killed a meat berserker
     6 | D        | Reached skill level 10 in Axes
     6 | D        | Reached XP level 2. HP: 34/34 MP: 3/8
     6 | D        | Reached XP level 3. HP: 38/38 MP: 3/10
     6 | D        | Reached XP level 4. HP: 44/44 MP: 3/11
     6 | D        | Reached XP level 5. HP: 48/48 MP: 3/12
     6 | D        | Reached XP level 6. HP: 53/53 MP: 3/13
     6 | D        | Reached XP level 7. HP: 58/58 MP: 3/14
     6 | D        | Reached XP level 8. HP: 63/63 MP: 3/15
     6 | D        | Reached XP level 9. HP: 67/67 MP: 3/16
     6 | D        | Reached XP level 10. HP: 72/72 MP: 3/17
     6 | D        | Reached XP level 11. HP: 77/77 MP: 3/18
     6 | D        | Noticed a bag of meat
     8 | D        | Killed a bag of meat
     8 | D        | Reached * piety under Makhleb
     8 | D        | Noticed a bag of meat
     9 | D        | Reached XP level 12. HP: 84/84 MP: 3/20
     9 | D        | Noticed a meat berserker
    12 | D        | Killed a bag of meat
    12 | D        | Noticed a meat berserker
    13 | D        | Reached skill level 10 in Invocations
    13 | D        | Reached XP level 13. HP: 91/91 MP: 3/21
    13 | D        | Noticed a bag of meat
    13 | D        | Noticed a bag of meat
    14 | D        | Killed a bag of meat
    14 | D        | Noticed a bag of meat
    14 | D        | Noticed a bag of meat
    15 | D        | Noticed a bag of meat
    15 | D        | Noticed a meat berserker
    16 | D        | Killed a meat berserker
    16 | D        | Reached ** piety under Makhleb
    17 | D        | Reached XP level 14. HP: 100/100 MP: 4/23
    18 | D        | Killed a meat berserker
    18 | D        | Noticed a bag of meat
    19 | D        | Reached skill level 15 in Axes
    19 | D        | Killed a bag of meat
    21 | D        | Killed a meat berserker
    21 | D        | Reached *** piety under Makhleb
    21 | D        | Noticed a bag of meat
    21 | D        | Noticed a bag of meat
    21 | D        | Noticed a large bag of meat
    22 | D        | Reached skill level 27 in Dodging
    22 | D        | Reached XP level 15. HP: 109/109 MP: 5/25
    23 | D        | Noticed a large bag of meat
    25 | D        | Killed a large bag of meat
    25 | D        | Reached **** piety under Makhleb
    26 | D        | Reached XP level 16. HP: 70/114 MP: 5/26
    28 | D        | Killed a large bag of meat
    28 | D        | Noticed an eight-headed meat hydra
    29 | D        | Reached skill level 27 in Axes
    29 | D        | Reached skill level 27 in Fighting
    29 | D        | Noticed The Servant
    29 | D        | Reached ***** piety under Makhleb
    29 | D        | Noticed a meat berserker
    32 | D        | Noticed a destroyer
    33 | D        | Noticed a sculptor of flesh
    34 | D        | Killed a meat berserker
    34 | D        | Killed The Servant
    34 | D        | Noticed an eight-headed meat hydra
    35 | D        | Reached XP level 17. HP: 62/121 MP: 6/27
    35 | D        | Noticed a sculptor of flesh
    35 | D        | Noticed a meat berserker
    37 | D        | Killed a sculptor of flesh
    37 | D        | Noticed a sculptor of flesh
    37 | D        | Noticed a meat berserker
    38 | D        | Noticed a meat berserker
    39 | D        | Noticed a destroyer
    39 | D        | Noticed a destroyer
    39 | D        | Killed a nine-headed meat hydra
    39 | D        | Killed a destroyer
    39 | D        | Reached ****** piety under Makhleb
    40 | D        | Reached skill level 27 in Armour
    40 | D        | Reached XP level 18. HP: 65/127 MP: 7/31
    40 | D        | Noticed a destroyer
    41 | D        | Noticed a meat berserker
    41 | D        | Killed a destroyer
    41 | D        | Killed a sculptor of flesh
    41 | D        | Noticed a destroyer
    42 | D        | Reached skill level 15 in Unarmed Combat
    42 | D        | Noticed a sculptor of flesh
    42 | D        | Killed a destroyer
    42 | D        | Noticed a large bag of meat
    42 | D        | Noticed a meat berserker
    43 | D        | Reached XP level 19. HP: 132/132 MP: 8/36
    43 | D        | Killed a destroyer
    44 | D        | Killed a meat berserker
    44 | D        | Noticed a destroyer
    45 | D        | Noticed an accursed
    46 | D        | Reached skill level 27 in Invocations
    47 | D        | Killed a meat berserker
    48 | D        | Killed a meat berserker
    48 | D        | Killed a meat berserker
    48 | D        | Killed a destroyer
    48 | D        | Noticed a destroyer
    49 | D        | Reached skill level 27 in Unarmed Combat
    49 | D        | Reached XP level 20. HP: 137/137 MP: 9/46
    49 | D        | Killed a nine-headed meat hydra
    49 | D        | Killed a meat berserker
    49 | D        | Noticed an accursed
    50 | D        | Reached skill level 27 in Spellcasting
    50 | D        | Killed a large bag of meat
    51 | D        | Noticed a tyrant
    53 | D        | Reached skill level 10 in Maces & Flails
    53 | D        | Reached skill level 10 in Polearms
    53 | D        | Noticed an accursed
    54 | D        | Killed an accursed
    55 | D        | Reached XP level 21. HP: 124/142 MP: 10/53
    55 | D        | Killed a destroyer
    55 | D        | Noticed a tyrant
    56 | D        | Killed a destroyer
    58 | D        | Killed an accursed
    59 | D        | Reached XP level 22. HP: 110/148 MP: 11/54
    60 | D        | Killed a tyrant
    60 | D        | Killed a tyrant
    61 | D        | Reached skill level 27 in Maces & Flails
    61 | D        | Reached skill level 27 in Polearms
    61 | D        | Reached skill level 15 in Staves
    61 | D        | Noticed a meat beast
    64 | D        | Killed a meat beast
    65 | D        | Reached skill level 27 in Staves
    65 | D        | Reached XP level 23. HP: 106/153 MP: 13/55
    68 | D        | Reached skill level 27 in Short Blades
    68 | D        | Killed an accursed
    69 | D        | Reached XP level 24. HP: 139/158 MP: 15/55
    69 | D        | Noticed a meat beast
    70 | D        | Noticed a destroyer
    71 | D        | Noticed a dread
    71 | D        | Noticed a destroyer
    71 | D        | Noticed an accursed
    72 | D        | Killed a meat beast
    73 | D        | Reached skill level 27 in Long Blades
    73 | D        | Noticed a tyrant
    73 | D        | Noticed a destroyer
    73 | D        | Noticed a destroyer
    75 | D        | Reached skill level 27 in Ranged Weapons
    75 | D        | Noticed an accursed
    76 | D        | Noticed a destroyer
    76 | D        | Killed a destroyer
    77 | D        | Reached XP level 25. HP: 149/163 MP: 18/55
    77 | D        | Killed a dread
    78 | D        | Reached skill level 27 in Shields
    78 | D        | Reached skill level 15 in Conjurations
    78 | D        | Killed a destroyer
    78 | D        | Noticed a large bag of meat
    78 | D        | Noticed a destroyer
    79 | D        | Killed a destroyer
    79 | D        | Noticed a large bag of meat
    80 | D        | Reached skill level 27 in Conjurations
    80 | D        | Reached XP level 26. HP: 157/169 MP: 19/55
    80 | D        | Killed a destroyer
    80 | D        | Noticed a meat beast
    81 | D        | Reached skill level 27 in Hexes
    81 | D        | Noticed a large bag of meat
    81 | D        | Noticed a dread
    82 | D        | Killed a destroyer
    83 | D        | Reached skill level 27 in Summonings
    83 | D        | Reached XP level 27. HP: 174/174 MP: 20/55
    83 | D        | Noticed a large bag of meat
    84 | D        | Reached skill level 5 in Necromancy
    84 | D        | Reached skill level 5 in Air Magic
    84 | D        | Reached skill level 5 in Earth Magic
    84 | D        | Reached skill level 5 in Poison Magic
    84 | D        | Noticed a meat beast
    84 | D        | Killed a meat beast
    85 | D        | Reached skill level 15 in Transmutations
    85 | D        | Reached skill level 10 in Fire Magic
    85 | D        | Reached skill level 10 in Ice Magic
    85 | D        | Noticed a meat beast
    85 | D        | Killed a destroyer
    85 | D        | Killed a tyrant
    85 | D        | Noticed a large bag of meat
    86 | D        | Reached skill level 15 in Poison Magic
    86 | D        | Killed a meat beast
    87 | D        | Killed a large bag of meat
    88 | D        | Noticed a meat beast
    88 | D        | Killed a dread
    89 | D        | Reached skill level 27 in Translocations
    89 | D        | Reached skill level 27 in Transmutations
    89 | D        | Noticed a meat beast
    89 | D        | Killed a meat beast
    90 | D        | Killed a large bag of meat
    90 | D        | Noticed a dread
    91 | D        | Noticed a meat beast
    91 | D        | Noticed a meat beast
    92 | D        | Killed an accursed
    92 | D        | Noticed a large bag of meat
    93 | D        | Reached skill level 27 in Poison Magic
    93 | D        | Noticed a meat beast
    93 | D        | Killed a meat beast
    93 | D        | Killed a meat beast
    94 | D        | Reached skill level 27 in Necromancy
    94 | D        | Reached skill level 27 in Fire Magic
    94 | D        | Reached skill level 27 in Ice Magic
    94 | D        | Reached skill level 27 in Air Magic
    94 | D        | Reached skill level 27 in Earth Magic
    94 | D        | Reached skill level 27 in Throwing
    94 | D        | Reached skill level 27 in Evocations
    94 | D        | Killed a large bag of meat
    94 | D        | Killed by an exploding large bag of meat... ignited by
                  | their inner flame

Illustrated notes

Levels and vault maps discovered:
D:        meatsprint

Skill      XL: |  1  2  3  4  5  6  7  8  9 10 11 12 13 14 15 16 17 18 19 20 21 22 23 24 25 26 27 |
---------------+----------------------------------------------------------------------------------+-----
Fighting       | 18 20 21 23 25 27 | 27.0
Axes           | 10 11 12 14 19 25 27 | 27.0
Dodging        | 18 20 21 24 27 | 27.0
Invocations    | 9 10 11 13 17 24 27 | 27.0
Armour         | 23 27 | 27.0
Unarmed Combat | 9 18 27 | 27.0
Spellcasting   | 21 27 | 27.0
Maces & Flails | 17 25 27 | 27.0
Polearms       | 17 25 27 | 27.0
Staves         | 27 | 27.0
Short Blades   | 24 27 | 27.0
Long Blades    | 23 27 | 27.0
Ranged Weapons | 27 | 27.0
Shields        | 21 27 | 27.0
Conjurations   | 27 | 27.0
Hexes          | 16 27 | 27.0
Summonings     | 27 | 27.0
Necromancy     | 2 27 | 27.0
Translocations | 4 27 | 27.0
Transmutations | 3 27 | 27.0
Fire Magic     | 2 27 | 27.0
Ice Magic      | 2 27 | 27.0
Air Magic      | 2 27 | 27.0
Earth Magic    | 2 27 | 27.0
Poison Magic   | 2 27 | 27.0
Throwing       | 27 | 27.0
Evocations     | 27 | 27.0
Stealth        | 7 |  7.4

Action                   |  1- 3 |  4- 6 |  7- 9 | 10-12 | 13-15 | 16-18 | 19-21 | 22-24 | 25-27 || total
-------------------------+-------+-------+-------+-------+-------+-------+-------+-------+-------++-------
Melee: Broad axe         |     1 |       |       |     2 |     8 |    10 |    15 |    11 |    17 ||    64
Dodge: Dodged            |       |       |       |       |       |     1 |     1 |     3 |     7 ||    12
